 Dungeon Crawl Stone Soup version 0.30-a0-634-g8abc85282e (webtiles) character file.

Game seed: 5185307874177044382

153787 pokeman the Sorcerer (level 17, -1/97 HPs)
             Began as a Deep Elf Hedge Wizard on Jan 14, 2023.
             Was the Champion of Vehumet.
             Slain by a spriggan rider
             ... wielding a +0 spear
             ... led by a spriggan druid
              (11 damage)
             ... on level 4 of the Swamp.
             The game lasted 01:32:05 (32566 turns).

pokeman the Sorcerer (Deep Elf Hedge Wizard)       Turns: 32566, Time: 01:32:06

Health: -1/97      AC: 10    Str:  7    XL:     17   Next: 5%
Magic:  39/55      EV: 12    Int: 27    God:    Vehumet [******]
Gold:   2991       SH:  5    Dex: 14    Spells: 28/63 levels left

rFire   + . .      SeeInvis .    i - staff of conjuration
rCold   x . .      Faith    .    X - +0 buckler
rNeg    + + .      Spirit   .    h - +1 robe of Creativity {rPois rN++ Int-4 Archmagi}
rPois   +          Reflect  .    M - +1 helmet {Int+3}
rElec   .          Harm     .    b - scarf {repulsion}
rCorr   .          Rampage  .    C - +0 pair of gloves
Will    +....      Archmagi +    o - +2 pair of boots
Stlth   ++                       r - amulet of magic regeneration
HPRegen 0.36/turn                y - ring of magical power
MPRegen 0.74/turn                F - ring of fire

@: repel missiles
A: no striking features
a: Renounce Religion


You were on level 4 of the Swamp.
You worshipped Vehumet.
Vehumet was exalted by your worship.
You visited 4 branches of the dungeon, and saw 25 of its levels.
You also visited: Bailey.

You collected 2991 gold pieces.

Inventory:

Missiles
 K - 9 curare-tipped darts
Armour
 b - a scarf of repulsion (worn)
 c - +0 swamp dragon scales
 h - the +1 robe of Creativity (worn) {rPois rN++ Int-4 Archmagi}
   (You found it on level 10 of the Dungeon)

   Int:       It affects your intelligence (-4).
   rPois:     It protects you from poison.
   rN:        It greatly protects you from negative energy.
   Archmagi:  It increases the power of your magical spells.
 o - a +2 pair of boots (worn)
 B - a +1 robe of resistance
 C - a +0 pair of gloves (worn)
 M - a +1 helmet of intelligence (worn)
 X - a +0 buckler (worn)
Magical Staves
 i - a staff of conjuration (weapon)
Jewellery
 q - a ring of magical power
 r - an amulet of magic regeneration (around neck)
 y - a ring of magical power (left hand)
 z - a ring of resist corrosion
 E - a ring of fire
 F - a ring of fire (right hand)
 G - a ring of poison resistance
 S - a ring of protection from cold
Wands
 a - a wand of mindburst (14)
 H - a wand of iceblast (3)
 J - a wand of polymorph (12)
Scrolls
 g - 2 scrolls of fog
 m - a scroll of silence
 u - 8 scrolls of blinking
 v - 9 scrolls of magic mapping
 A - 7 scrolls of teleportation
 Q - a scroll of torment
 V - a scroll of enchant armour
Potions
 d - 5 potions of magic
 e - 12 potions of curing
 f - 4 potions of might
 j - 4 potions of invisibility {unknown}
 k - 3 potions of brilliance
 l - 11 potions of heal wounds
 p - 8 potions of degeneration {unknown}
 s - 2 potions of attraction {unknown}
 t - 8 potions of lignification {unknown}
 w - 3 potions of cancellation {unknown}
 x - 3 potions of berserk rage {unknown}
 D - 2 potions of mutation {unknown}
 I - a potion of flight {unknown}
 T - 6 potions of haste {unknown}
 Y - a potion of experience {unknown}
Miscellaneous
 n - a condenser vane
 L - a piece from Xom's chessboard (15/15)
 N - a phantom mirror
 O - a box of beasts
 W - a tin of tremorstones (2/2)


   Skills:
 - Level 8.0 Fighting
 + Level 5.4 Armour
 - Level 3.0 Dodging
 - Level 3.0 Stealth
 - Level 5.0 Shields
 * Level 23.5 Spellcasting
 + Level 14.4 Conjurations
 + Level 13.9 Summonings
 - Level 1.1 Translocations
 + Level 13.2 Fire Magic
 - Level 1.2 Ice Magic
 - Level 1.2 Air Magic
 - Level 1.0 Earth Magic
 - Level 1.0 Poison Magic
 - Level 2.2 Evocations


You had 28 spell levels left.
You knew the following spells:

 Your Spells              Type           Power      Damage    Failure   Level
a - Magic Dart            Conj           100%       1d8       0%          1
b - Mephitic Cloud        Conj/Pois/Air  95%        N/A       1%          3
c - Call Imp              Summ           100%       N/A       0%          2
d - Blink                 Tloc           100%       N/A       1%          2
e - Foxfire               Conj/Fire      100%       2x1d9     0%          1
f - Starburst             Conj/Fire      75%        6d19      1%          6
g - Iskenderun's Mystic   Conj/Tloc      100%       2d19      1%          4
h - Freezing Cloud        Conj/Ice/Air   48%        6-21      1%          5
i - Lee's Rapid Deconstr  Erth           27%        3d14*     7%          5
j - Iron Shot             Conj/Erth      52%        9d10      2%          6

Your spell library contained the following spells:

 Spells                   Type           Power      Damage    Failure   Level
 Searing Ray              Conj           100%       2d8       0%          2
 Kiss of Death            Conj/Necr      100%       2d13      1%          1
 Sandblast                Erth           100%       2d20      1%          1
 Slow                     Hex            100%       N/A       1%          1
 Cigotuvi's Dreadful Rot  Necr/Pois/Air  100%       N/A       1%          2
 Momentum Strike          Conj/Tloc      100%       3d10      1%          2
 Passwall                 Tmut/Erth      42%        N/A       1%          2
 Sublimation of Blood     Necr           47%        N/A       1%          2
 Dazzling Flash           Conj/Hex       100%       N/A       1%          3
 Ignite Poison            Fire/Tmut/Pois 92%        N/A       1%          3
 Kindle Blastsparks       Fire/Tloc/Air  100%       2d18      1%          3
 Fulminant Prism          Conj/Hex       51%        3d22      1%          4
 Irradiate                Conj/Tmut      51%        3d28      1%          5
 Gell's Gravitas          Tloc           54%        N/A       2%          3
 Lesser Beckoning         Tloc           100%       N/A       2%          3
 Teleport Other           Tloc           54%        N/A       2%          3
 Confusing Touch          Hex            47%        N/A       4%          3
 Leda's Liquefaction      Hex/Erth       25%        N/A       11%         4
 Petrify                  Tmut/Erth      51%        N/A       11%         4
 Dispel Undead            Necr           47%        3d18      14%         4
 Summon Horrible Things   Summ           51%        N/A       28%         8
 Borgnjor's Vile Clutch   Necr/Erth      25%        N/A       30%         5
 Silence                  Hex/Air        25%        N/A       30%         5
 Agony                    Necr           47%        N/A       36%         5
 Malign Gateway           Summ/Tloc      41%        N/A       45%         7
 Dispersal                Tloc           27%        N/A       80%         6
 Statue Form              Tmut/Erth      34%        N/A       86%         6
 Death Channel            Necr           23%        N/A       91%         6


Dungeon Overview and Level Annotations

Branches:
Dungeon (15/15)            Temple (1/1) D:5            Lair (5/5) D:8
  Swamp (4/4) Lair:2       Spider (0/4) Lair:3        Slime (0/5) Lair:4
    Orc (0/2) D:11         Vaults (0/5) D:13         Depths (0/4) D:15
 Bailey (visited)

Altars:
Ashenzari
Cheibriados
Dithmenos
Elyvilon
Fedhas
Gozag
Hepliaklqana
Kikubaaqudgha
Makhleb
Nemelex Xobeh
Okawaru
Qazlal
Ru
Sif Muna
Trog
Uskayaw
Vehumet
Wu Jian
Xom
Yredelemnul
Zin
The Shining One
Jiyva

Shops:
D:7 *   D:8 =   D:9 *

Annotations:
D:11 1 runed translucent door, Iich's ghost, journeyman DsBe


Message History

You hear a sizzling sound! x2
You feel roots moving beneath the ground.
The spriggan druid is engulfed in freezing vapours.
With its final breath, the spriggan druid offers up its power to the beasts of the wild!
The bunyip is healed.
The bunyip seems to grow more fierce.
You kill the spriggan druid!
Vehumet accepts your kill.
You feel your power returning.
The forest abruptly stops moving.
The bunyip is engulfed in freezing vapours.
You see here a swamp drake skeleton.
Casting: Starburst (mildly dangerous; 1% risk of failure)
Confirm with . or Enter, or press ? or * to list all spells.
Casting: Starburst (mildly dangerous; 1% risk of failure)
Press: ? - help, Dir - look around, f - activate You feel a huge surge of power!
The mangrove smoulders and burns.
You hear a sizzling sound!
The bolt of fire hits the bunyip!!!
The bunyip is severely wounded.
You hear a sizzling sound! x2
The mangrove smoulders and burns.
The spriggan rider is engulfed in freezing vapours.
The bunyip claws you!!! x2
Ouch! That really hurt!
* * * LOW HITPOINT WARNING * * *
The bunyip misses you.
The spriggan rider is engulfed in freezing vapours.
Casting: Starburst (mildly dangerous; 1% risk of failure)
Confirm with . or Enter, or press ? or * to list all spells.
Casting: Starburst (mildly dangerous; 1% risk of failure)
Press: ? - help, Dir - look around, f - activate You feel a huge surge of power!
The bolt of fire misses the spriggan rider.
You hear a sizzling sound! x2
The mangrove smoulders and burns.
The bolt of fire hits the bunyip!!!
You kill the bunyip!
Vehumet accepts your kill.
You feel your power returning.
You hear a sizzling sound!
The spriggan rider hits you from afar with a +0 spear!
You die...

~....~~.§.~.~..
.§~..~.°§○..§§~
~.....§§§.§§~~.
.§~..§§§§§§§~.
♣....§§§~§...
♣§...§i.~§§~§
♣♣♣♣~~...♣~§§§..
♣§☼...§@§§~[§~!
♣♣♣♣..☼§§.[§~~#
♣~~~§.§§§§♣#.≈
♣♣..§.~.§~§♣
♣♣♣~~§....§§§#
♣~~~~§♣~~§.~♣#
♣.~~§§...§.~~#
♣♣~§)§..♣..§~♣##
♣~..)~~~~.~~~~#


You could see a spriggan rider.

Vanquished Creatures
  Mara (Swamp:3)
  Nikola (Swamp:4)
  Mlioglotl (Swamp:4)
  A thorn hunter (Swamp:3)
  2 fenstrider witches
  Roxanne (Swamp:4)
  Aizul (Swamp:3)
  Nessos (D:13)
  An eleionoma (Swamp:4)
  A stone giant (D:15)
  4 bunyips
  2 fire dragons
  Josephine (D:15)
  Harold (D:11)
  18 hydras
  8 vault guards (D:13)
  A catoblepas (Lair:3)
  An anaconda (Swamp:2)
  A ghost crab (Swamp:1)
  5 boulder beetles
  A jorogumo (shapeshifter) (D:13)
  4 two-headed ogres
  8 alligators
  6 centaur warriors
  10 tengu warriors
  14 death yaks
  Sonja (D:13)
  Amaemon (Lair:1)
  A fire crab (Swamp:4)
  A death drake (Swamp:4)
  A skeletal warrior (D:7)
  5 swamp dragons
  5 goliath frogs
  6 spriggan druids
  A wizard (D:14)
  4 bog bodies
  3 lindwurms (Lair:5)
  2 deep elf pyromancers (D:14)
  4 orc knights
  10 ugly things
  An oklob plant (Lair:5)
  A wolf spider (Lair:5)
  3 manticores
  7 will-o-the-wisps
  8 cyclopes
  5 elephants (Lair:5)
  7 black mambas
  Joseph (Lair:1)
  7 centaur zombies (D:11)
  A torpor snail (Lair:5)
  7 cane toads
  An orange demon (Lair:1)
  4 gargoyles
  A kobold demonologist (D:12)
  10 komodo dragons
  Maggie (Lair:2)
  An unseen horror (D:10)
  3 rime drakes (Lair:5)
  A tengu conjurer (D:12)
  2 freezing wraiths (D:15)
  3 polar bears (Lair:5)
  6 trolls
  2 bloated husks
  12 tyrant leeches
  11 hornets
  19 dream sheep (Lair:5)
  3 blink frogs (Lair:5)
  22 spriggans
  11 slime creatures
  4 shadows
  A water elemental (D:13)
  2 wyverns (Lair:5)
  8 wraiths
  49 yaks
  A spriggan (shapeshifter) (D:15)
  5 vampires
  12 basilisks
  12 steam dragons
  A basilisk (shapeshifter) (D:13)
  22 vampire mosquitoes
  7 acid dragons
  12 swamp worms
  15 water moccasins
  15 orc warriors
  5 ice beasts (D:8)
  6 black bears
  A black bear (shapeshifter) (D:13)
  3 sky beasts (D:7)
  6 swamp drakes (Swamp:4)
  3 ogres
  11 centaurs
  8 wolves
  4 kobold brigands
  8 bullfrogs
  A necrophage (D:8)
  6 scorpions
  2 gnoll sergeants
  10 wights
  7 killer bees (D:8)
  11 electric eels
  6 howler monkeys
  A gnoll bouda (D:7)
  2 hounds
  11 jellies
  9 orc priests
  Crazy Yiuf (D:3)
  Terence (D:2)
  10 iguanas
  11 orc wizards
  13 gnolls
  10 adders
  2 shadow imps
  4 white imps
  An ufetubus (D:8)
  2 worms
  A dart slug (D:3)
  53 orcs
  18 endoplasms
  5 giant cockroaches
  10 goblins
  8 hobgoblins
  4 quokkas
  7 ball pythons
  3 bats
  3 frilled lizards
  27 kobolds
  5 rats
  A spectral orc (D:11)
  4 briar patches (Swamp:3)
  3 bushes (D:13)
  A fungus (Lair:5)
  A plant (Lair:5)
798 creatures vanquished.

Vanquished Creatures (collateral kills)
  A yak (D:7)
  3 killer bees (D:8)
  An iguana (D:4)
  A worm (D:2)
  5 foxfires
11 creatures vanquished.

Vanquished Creatures (others)
  A swamp drake (Swamp:4)
  An electric eel (D:8)
  An orc (D:8)
  968 foxfires
  30 fungi
  70 plants
  4 withered plants (D:11)
1075 creatures vanquished.

Grand Total: 1884 creatures vanquished

Notes
Turn   | Place    | Note
-------+----------+-------------------------------------------
     0 | D:1      | pokeman the Deep Elf Hedge Wizard began the quest for the
                  | Orb.
     0 | D:1      | Reached XP level 1. HP: 10/10 MP: 7/7
   451 | D:1      | Reached XP level 2. HP: 16/16 MP: 5/9
   966 | D:1      | Reached skill level 5 in Spellcasting
  1402 | D:2      | Reached XP level 3. HP: 20/20 MP: 9/11
  1406 | D:2      | Learned a level 3 spell: Mephitic Cloud
  1409 | D:2      | Learned a level 2 spell: Call Imp
  1412 | D:2      | Learned a level 2 spell: Blink
  1555 | D:2      | Noticed Terence
  1567 | D:2      | Killed Terence
  1568 | D:2      | Reached skill level 1 in Fighting
  1568 | D:2      | Reached skill level 1 in Armour
  1901 | D:2      | Reached XP level 4. HP: 25/25 MP: 5/13
  2236 | D:3      | Found a runed translucent door.
  2237 | D:3      | Noticed Crazy Yiuf
  2842 | D:3      | Identified the +0 ring mail of Siluh {Str+4}
  3262 | D:3      | Killed Crazy Yiuf
  3594 | D:4      | Reached skill level 6 in Spellcasting
  3811 | D:4      | Reached XP level 5. HP: 29/29 MP: 15/15
  4498 | D:4      | Reached skill level 1 in Evocations
  4518 | D:4      | Reached skill level 1 in Air Magic
  4518 | D:4      | Reached XP level 6. HP: 8/34 MP: 6/17
  4745 | D:4      | Reached skill level 7 in Spellcasting
  4956 | D:5      | Entered Level 5 of the Dungeon
  5085 | D:5      | Reached skill level 1 in Poison Magic
  5113 | D:5      | Reached XP level 7. HP: 37/38 MP: 13/20
  5348 | D:5      | Reached skill level 8 in Spellcasting
  5461 | D:5      | Identified the ring "Barej" {rN+ Dex+4}
  5866 | D:5      | Found a staircase to the Ecumenical Temple.
  5871 | Temple   | Entered the Ecumenical Temple
  5882 | Temple   | Became a worshipper of Vehumet
  6266 | D:6      | Reached skill level 1 in Earth Magic
  6273 | D:6      | Reached XP level 8. HP: 38/44 MP: 17/22
  6303 | D:6      | Reached skill level 9 in Spellcasting
  6303 | D:6      | Found a shimmering altar of Xom.
  6697 | D:6      | Reached skill level 5 in Conjurations
  7537 | D:7      | Reached skill level 10 in Spellcasting
  7671 | D:7      | Found a broken altar of Ashenzari.
  8017 | D:7      | Noticed a troll
  8040 | D:7      | Killed a troll
  8040 | D:7      | Reached * piety under Vehumet
  8040 | D:7      | Offered knowledge of Foxfire by Vehumet.
  8041 | D:7      | Reached XP level 9. HP: 25/48 MP: 11/25
  8045 | D:7      | Learned a level 1 spell: Foxfire
  8141 | D:7      | Noticed a cyclops
  8183 | D:7      | Killed a cyclops
  8184 | D:7      | Reached skill level 11 in Spellcasting
  8184 | D:7      | Reached skill level 1 in Fire Magic
  8251 | D:7      | Reached skill level 5 in Summonings
  8382 | D:7      | Found Ulukin's Neck Hole.
  8649 | D:7      | Noticed a boulder beetle
  8704 | D:7      | Noticed a manticore
  8724 | D:7      | Killed a manticore
  8729 | D:7      | Reached skill level 12 in Spellcasting
  8733 | D:7      | Noticed a gargoyle
  8948 | D:7      | Reached XP level 10. HP: 56/56 MP: 28/28
  9746 | D:7      | Noticed a skeletal warrior
  9890 | D:7      | Found a shimmering blue altar of Sif Muna.
 10062 | D:8      | Noticed a death yak
 10078 | D:8      | Noticed a death yak
 10085 | D:8      | Noticed a death yak
 10117 | D:8      | Found Goeqey's Jewellery Boutique.
 10129 | D:8      | Found a white marble altar of Elyvilon.
 10145 | D:8      | Offered knowledge of Freeze by Vehumet.
 10146 | D:8      | Noticed a death yak
 10160 | D:8      | Found a flagged portal.
 10170 | D:8      | Reached ** piety under Vehumet
 10179 | Bailey   | Entered a bailey
 10313 | Bailey   | Learned a level 5 spell: Freezing Cloud
 10398 | Bailey   | Reached skill level 13 in Spellcasting
 10704 | Bailey   | Noticed an orc knight
 10736 | Bailey   | Killed an orc knight
 10795 | Bailey   | Noticed an orc knight
 10826 | Bailey   | Killed an orc knight
 10860 | Bailey   | Noticed an orc knight
 10894 | Bailey   | Killed an orc knight
 10894 | Bailey   | Offered knowledge of Inner Flame by Vehumet.
 10895 | Bailey   | Reached skill level 5 in Fire Magic
 10945 | D:8      | Killed a death yak
 10946 | D:8      | Reached XP level 11. HP: 61/61 MP: 30/30
 10957 | D:8      | Killed a death yak
 10958 | D:8      | Reached skill level 14 in Spellcasting
 10958 | D:8      | Reached skill level 1 in Ice Magic
 11078 | D:8      | Found a staircase to the Lair.
 11093 | D:8      | Reached *** piety under Vehumet
 11167 | D:8      | Killed a death yak
 11260 | D:8      | Killed a death yak
 11536 | D:8      | Noticed a two-headed ogre
 11588 | D:8      | Killed a two-headed ogre
 11658 | D:8      | Noticed a death yak
 11702 | D:8      | Killed a death yak
 11892 | D:8      | Reached skill level 15 in Spellcasting
 11893 | D:8      | Offered knowledge of Iskenderun's Mystic Blast by Vehumet.
 12174 | D:8      | Noticed a two-headed ogre
 12235 | D:8      | Killed a two-headed ogre
 12688 | D:7      | Learned a level 4 spell: Iskenderun's Mystic Blast
 12708 | D:7      | Reached skill level 5 in Armour
 12766 | D:7      | Killed a skeletal warrior
 12922 | D:7      | Killed a boulder beetle
 12923 | D:7      | Reached XP level 12. HP: 54/66 MP: 5/33
 13162 | D:9      | Found Zin's Purification Station.
 13178 | D:9      | Found a glowing silver altar of Zin.
 13423 | D:9      | Reached **** piety under Vehumet
 13605 | D:9      | You fall into a shaft and drop 3 floors!
 13629 | D:12     | Noticed a tengu warrior
 14030 | D:12     | Noticed a two-headed ogre
 14211 | D:12     | Killed a two-headed ogre
 14212 | D:12     | Reached skill level 16 in Spellcasting
 14330 | D:12     | Killed a tengu warrior
 14416 | D:10     | Entered Level 10 of the Dungeon
 14608 | D:9      | Offered knowledge of Hailstorm by Vehumet.
 15607 | D:10     | Identified the +1 robe of Creativity {rPois rN++ Int-4
                  | Archmagi}
 15908 | D:10     | Reached skill level 5 in Fighting
 16084 | D:11     | Noticed Harold
 16093 | D:11     | Killed Harold
 16094 | D:11     | Reached skill level 10 in Conjurations
 16165 | D:11     | Found a runed translucent door.
 16168 | D:11     | Noticed Iich's ghost (journeyman DsBe)
 16264 | D:11     | Reached skill level 1 in Shields
 16531 | D:11     | Found a staircase to the Orcish Mines.
 16544 | D:11     | Reached skill level 17 in Spellcasting
 16892 | D:11     | Reached ***** piety under Vehumet
 17031 | D:11     | Noticed a two-headed ogre
 17036 | D:11     | Killed a two-headed ogre
 17097 | D:11     | Reached XP level 13. HP: 55/72 MP: 28/36
 17174 | D:11     | Offered knowledge of Starburst by Vehumet.
 17190 | D:11     | Learned a level 6 spell: Starburst
 17691 | D:11     | Found a basalt altar of Yredelemnul.
 18432 | D:13     | Found a gate to the Vaults.
 18434 | D:13     | Reached skill level 10 in Summonings
 18435 | D:13     | Reached skill level 18 in Spellcasting
 18546 | D:13     | Paralysed by a jorogumo for 2 turns
 18595 | D:13     | Noticed Sonja
 18597 | D:13     | Killed Sonja
 19032 | D:13     | Noticed Nessos
 19044 | D:13     | Killed Nessos
 19117 | D:13     | Upgraded the game from 0.30-a0-632-g346586fe48 to
                  | 0.30-a0-634-g8abc85282e
 20140 | D:14     | Reached skill level 19 in Spellcasting
 20140 | D:14     | Reached XP level 14. HP: 78/78 MP: 39/39
 20899 | D:15     | Entered Level 15 of the Dungeon
 21212 | D:15     | Reached skill level 10 in Fire Magic
 21258 | D:15     | Noticed Josephine
 21262 | D:15     | Killed Josephine
 21464 | D:15     | Found an opulent altar of Gozag.
 21802 | D:15     | Found a shadowy altar of Dithmenos.
 21966 | D:15     | Reached skill level 5 in Shields
 22478 | D:15     | Found a staircase to the Depths.
 22479 | D:15     | Noticed a stone giant
 22491 | D:15     | Killed a stone giant
 22925 | Lair:1   | Entered Level 1 of the Lair of Beasts
 22992 | Lair:1   | Noticed Amaemon
 22995 | Lair:1   | Killed Amaemon
 22995 | Lair:1   | Offered knowledge of Ozocubu's Refrigeration by Vehumet.
 23053 | Lair:1   | Noticed Joseph
 23057 | Lair:1   | Killed Joseph
 23058 | Lair:1   | Reached skill level 20 in Spellcasting
 23942 | Lair:2   | Noticed Maggie
 23952 | Lair:2   | Killed Maggie
 24496 | Lair:2   | Found a staircase to the Swamp.
 25281 | Lair:3   | Found a hole to the Spider Nest.
 25292 | Lair:3   | Reached XP level 15. HP: 84/84 MP: 41/41
 25800 | Lair:4   | Found a viscous altar of Jiyva.
 25800 | Lair:4   | Found a staircase to the Slime Pits.
 26380 | Lair:5   | Entered Level 5 of the Lair of Beasts
 26404 | Lair:5   | Reached ****** piety under Vehumet
 26624 | Lair:5   | Reached skill level 21 in Spellcasting
 26735 | Lair:5   | Offered knowledge of Lee's Rapid Deconstruction by Vehumet.
 28544 | Swamp:1  | Entered Level 1 of the Swamp
 29059 | Swamp:1  | Reached skill level 22 in Spellcasting
 29307 | Swamp:1  | Reached XP level 16. HP: 77/92 MP: 42/44
 30114 | Swamp:2  | You fall into a shaft and drop 1 floor!
 30213 | Swamp:2  | Offered knowledge of Arcjolt by Vehumet.
 30651 | Swamp:3  | Noticed Aizul
 31068 | Swamp:3  | Killed Aizul
 31198 | Swamp:3  | Noticed a thorn hunter
 31207 | Swamp:3  | Killed a thorn hunter
 31431 | Swamp:3  | Noticed Mara
 31436 | Swamp:3  | Noticed pokeman's illusion
 31596 | Swamp:3  | Killed Mara
 31597 | Swamp:3  | Reached skill level 23 in Spellcasting
 31741 | Swamp:4  | Entered Level 4 of the Swamp
 31896 | Swamp:4  | Noticed Nikola
 31901 | Swamp:4  | Killed Nikola
 31998 | Swamp:4  | Identified a scroll of acquirement
 31999 | Swamp:4  | Acquired 922 gold pieces
 32006 | Swamp:4  | Identified Roxanne's Compilation of Topomancy
 32006 | Swamp:4  | Noticed Roxanne
 32014 | Swamp:4  | Learned a level 5 spell: Lee's Rapid Deconstruction
 32017 | Swamp:4  | Noticed Mlioglotl
 32019 | Swamp:4  | Killed Roxanne
 32022 | Swamp:4  | Killed Mlioglotl
 32295 | Swamp:4  | Reached XP level 17. HP: 36/97 MP: 44/46
 32509 | Swamp:4  | Offered knowledge of Iron Shot by Vehumet.
 32522 | Swamp:4  | Learned a level 6 spell: Iron Shot
 32566 | Swamp:4  | Slain by a spriggan rider

Illustrated notes

Levels and vault maps discovered:
D:1:      dpeg_arrival_water_fire, layout_loops_ring
D:2:      layout_basic, uniq_terence
D:3:      layout_basic, uniq_crazy_yiuf_cottage
D:4:      layout_basic, st_stairs_11, minmay_vboxes
D:5:      layout_cave_pools, temple_doors_ab, serial_bayou_pond_a
D:6:      layout_basic, xom_butterflies, hex_intersection
D:7:      nzn_winding_woodlands_large [nzn_winding_woodlands_5x5_open_star,
          nzn_winding_woodlands_5x15_default,
          nzn_winding_woodlands_5x5_checkerboard,
          nzn_winding_woodlands_center_pierced_h,
          nzn_winding_woodlands_15x15_thick_spiral,
          nzn_winding_woodlands_center_diamonds,
          nzn_winding_woodlands_5x5_closed_star,
          nzn_winding_woodlands_5x15_sidewinder,
          nzn_winding_woodlands_5x5_perimeter], layout_loops_ring,
          mainiacjoe_overflow_catch_the_wave, kennysheep_cross_room,
          nicolae_kite_square_tiling_tiny, nicolae_shop_sticking_my_neck_out
D:8:      cheibrodos_two_vegetables, layout_loops_cross, kennysheep_mini,
          dpeg_lair_monsters, serial_ice, serial_ice_j, serial_ice_o,
          serial_ice_m, serial_ice_f, serial_shops, shop_fountains,
          enter_bailey_5
D:9:      layout_loops_cross, zin_purify
D:10:     layout_stronghold
D:11:     layout_long_grid, orc_0_dummy, ebering_ghost_inner_flame,
          serial_undead, serial_undead_f, serial_undead_d, serial_undead_e,
          serial_undead_f, nicolae_hexahallways,
          yredelemnul_forgotten_temple_becter, uniq_harold
D:12:     layout_loops_ring
D:13:     wad_woods_structure_01, layout_irregular_city, erik_vaults_2,
          lightli_minifort, uniq_nessos, uniq_sonja
D:14:     layout_grid_maze
D:15:     grunt_enter_depths_snipers, layout_basic,
          nicolae_dithmenos_the_darkroom, hangedman_decor_lopped,
          nicolae_gozag_seed_capital, uniq_josephine
Temple:   sentei_temple_godly_chess
Lair:1:   kb_forest_paths, layout_misc_corridors, uniq_amaemon, uniq_joseph
Lair:2:   lemuel_slime, layout_layer_cave, palyth_hydra_swamp_entry,
          cheibrodos_lair_reptile_den, serial_bayou_shore_a, uniq_maggie
Lair:3:   layout_long_grid, nicolae_spider_entry_non_spiders
Lair:4:   layout_misc_corridors, dpeg_slime_entry_enclosed, st_stairs_10
Lair:5:   hangedman_lair_in_review, layout_regular_city,
          guppyfry_lair_end_dragon
Swamp:1:  layout_basic_swamp, nicolae_swamp_tree_designs
Swamp:2:  layout_basic_swamp, evilmike_swamp_ruin_rubble_1, swamp_pool1,
          nicolae_swamp_snake_nest
Swamp:3:  layout_basic_swamp, hangedman_swamp_ruin_wall, uniq_mara, uniq_aizul
Swamp:4:  swamp_fiery, layout_basic_swamp, uniq_roxanne, uniq_mlioglotl,
          uniq_nikola

Skill      XL: |  1  2  3  4  5  6  7  8  9 10 11 12 13 14 15 16 |
---------------+-------------------------------------------------+-----
Spellcasting   | 5 6 7 8 10 12 13 15 17 19 20 22 23 | 23.5
Fighting       | 1 2 3 4 5 7 8 |  8.0
Armour         | 1 3 5 |  5.4
Conjurations   | 2 3 4 5 6 8 9 10 11 12 13 14 | 14.4
Stealth        | 3 |  3.0
Dodging        | 3 |  3.0
Evocations     | 1 2 |  2.2
Air Magic      | 1 |  1.2
Poison Magic   | 1 |  1.0
Summonings     | 2 4 5 7 8 9 10 11 12 13 | 13.9
Earth Magic    | 1 |  1.0
Fire Magic     | 3 5 6 8 9 11 12 13 | 13.2
Ice Magic      | 1 |  1.2
Shields        | 1 4 5 |  5.0
Translocations | |  1.1

Action                   |  1- 3 |  4- 6 |  7- 9 | 10-12 | 13-15 | 16-18 || total
-------------------------+-------+-------+-------+-------+-------+-------++-------
Melee: Dagger            |    26 |    29 |    49 |    72 |       |       ||   176
       Punch             |       |     1 |     1 |     1 |       |       ||     3
       Staff             |       |       |       |     8 |    20 |     1 ||    29
Throw: Dart              |       |       |     1 |       |       |       ||     1
 Cast: Magic Dart        |    87 |   104 |   230 |    34 |       |       ||   455
       Mephitic Cloud    |     2 |    15 |    30 |    61 |    16 |     2 ||   126
       Call Imp          |     2 |     5 |     7 |     8 |       |       ||    22
       Foxfire           |       |       |    67 |   446 |    26 |     7 ||   546
       Blink             |       |       |     3 |     9 |       |       ||    12
       Iskenderun's Myst |       |       |       |    63 |    26 |     7 ||    96
       Freezing Cloud    |       |       |       |    25 |    35 |    23 ||    83
       Starburst         |       |       |       |       |   265 |   115 ||   380
       Lee's Rapid Decon |       |       |       |       |       |     5 ||     5
       Iron Shot         |       |       |       |       |       |     1 ||     1
Evoke: Wand              |       |       |     2 |       |       |       ||     2
  Use: Scroll            |       |       |       |     9 |     6 |     6 ||    21
 Stab: Sleeping          |     2 |       |       |       |       |       ||     2
       Confused          |     2 |     3 |     8 |     2 |       |       ||    15
Armor: Robe              |     2 |       |       |    43 |    22 |     7 ||    74
       Ring mail         |       |    10 |    20 |     1 |       |       ||    31
       Troll leather arm |       |       |       |    29 |       |       ||    29
       Steam dragon scal |       |       |       |    13 |       |       ||    13
Dodge: Dodged            |    19 |    29 |    69 |   215 |    82 |    17 ||   431
       Repelled          |       |     1 |     4 |     8 |     4 |     6 ||    23
Block: Buckler           |       |       |       |       |    12 |     6 ||    18

Table legend: (Time is in decaauts)
 A = Elapsed time spent in this place.
 B = Non-inter-level travel time spent in this place.
 C = Inter-level travel time spent in this place.
 D = Time resting spent in this place.
 E = Time spent auto-exploring this place.
 F = Levels seen in this place.
 G = Mean time per level.
                   A        B        C        D        E       F      G
               +--------+--------+--------+--------+--------+-----+--------+
         Total |  32943 |  30757 |   2186 |   3391 |  21927 |  26 | 1267.0 |
       Dungeon |  22331 |  20615 |   1716 |   1809 |  15094 |  15 | 1488.7 |
        Temple |    104 |     82 |     22 |      0 |      0 |   1 |  104.0 |
          Lair |   5419 |   5032 |    387 |    488 |   3851 |   5 | 1083.8 |
         Swamp |   4325 |   4265 |     60 |   1072 |   2556 |   4 | 1081.2 |
        Bailey |    762 |    762 |      0 |     22 |    425 |   1 |  762.0 |
               +--------+--------+--------+--------+--------+-----+--------+

Top non-repeatable levels by time:
     D:7: 3122 daAuts
     D:8: 1852 daAuts
    D:11: 1788 daAuts
    D:13: 1720 daAuts
     D:6: 1606 daAuts
  Lair:5: 1595 daAuts
     D:4: 1549 daAuts
    D:12: 1346 daAuts
    D:15: 1341 daAuts
     D:5: 1334 daAuts
     D:1: 1310 daAuts
     D:3: 1275 daAuts
 Swamp:1: 1265 daAuts
  Lair:2: 1260 daAuts
 Swamp:3: 1238 daAuts
